 Dungeon Crawl Stone Soup version 0.18-a0-1670-gb40d73e (webtiles) character file.

104604 xeno23 the Brawler (level 15, -2/153 HPs)
             Began as a Troll Chaos Knight on Apr 1, 2016.
             Slain by a shock serpent (14 damage)
             ... on level 1 of the Snake Pit.
             The game lasted 02:06:00 (24624 turns).

xeno23 the Brawler (Troll Chaos Knight)            Turns: 24624, Time: 02:06:01

Health: -2/153     AC: 17    Str: 24    XL:     15   Next: 92%
Magic:  0/20       EV: 11    Int: 15    God:    Xom [...*..]
Gold:   1130       SH:  2    Dex: 11    Spells: 5 memorised, 11 levels left

rFire  + + +     SeeInvis +       - Unarmed
rCold  . . .     Gourm    +     S - +2 robe of Suirghayg {MR++}
rNeg   . . .     Faith    .     (no shield)
rPois  +         Spirit   +     (helmet restricted)
rElec  .         Dismiss  .     E - +2 cloak {+Inv}
rCorr  .         Reflect  .     (gloves unavailable)
SustAt .         Harm     .     (boots unavailable)
MR     ++++.     Clarity  +     c - amulet of guardian spirit
Stlth  +.........               o - ring of poison resistance
                                G - ring of see invisible

@: lethally poisoned (-2 -> -3), constricted, studying Dodging, repel missiles,
incredibly resistant to hostile enchantments, very unstealthy
A: unfitting armour, claws 3, fangs 1, talons 3, large bone plates 1, slimy
green scales 1, yellow scales 1, blink, blurry vision 1, clarity, clever 2,
deterioration 1, fire resistance 3, fast metabolism 3, gourmand, magic
resistance 1, regeneration 2, screaming 1, shaggy fur 2, tough skin 2, evolution
1, sturdy frame 2
a: Blink, Renounce Religion, Evoke Invisibility


You were on level 1 of the Snake Pit.
You worshipped Xom.
You were a favourite toy of Xom.
You were very full.

You visited 4 branches of the dungeon, and saw 26 of its levels.
You visited 1 bazaar.
You also visited: Sewer.

You collected 6195 gold pieces.
You spent 5065 gold pieces at shops.

Inventory:

Hand Weapons
 H - a +3 scimitar of flaming
Missiles
 u - 38 large rocks (quivered)
Armour
 E - a +2 cloak of invisibility (worn)
 S - the +2 robe of Suirghayg (worn) {MR++}
   (You bought it in a shop on level 2 of the Orcish Mines)

   It affects your resistance to hostile enchantments.
Jewellery
 c - an amulet of guardian spirit (around neck)
 o - a ring of poison resistance (right claw)
 G - a ring of see invisible (left claw)
Wands
 t - a wand of acid (13/15)
 v - a wand of disintegration (22/24)
 A - a wand of iceblast (5/15)
 C - a wand of digging (9/24)
 I - a wand of heal wounds (2/9)
 V - a wand of teleportation (4/9)
Scrolls
 e - 9 scrolls of magic mapping
 f - 2 scrolls of fear
 g - 10 scrolls of remove curse
 i - 2 scrolls of teleportation
 w - a scroll of identify
 y - a scroll of summoning
 L - 4 scrolls of fog
 N - 4 scrolls of blinking
Potions
 d - a potion of invisibility
 j - 3 potions of agility
 q - 2 potions of ambrosia
 s - 9 potions of curing
 x - 10 potions of haste
 z - 2 potions of flight
 D - 2 potions of heal wounds
 J - a potion of brilliance
 K - 2 potions of lignification
 O - 5 potions of might
 T - a potion of cancellation
 U - a potion of resistance
 W - a potion of magic
Books
 X - a manual of Dodging
Miscellaneous
 P - a lamp of fire
 R - a fan of gales
Comestibles
 b - 17 bread rations
 k - 15 meat rations
 l - 12 slices of pizza
 m - 8 beef jerkies
 n - 3 royal jellies
 r - 48 fruits


   Skills:
 - Level 11.1 Fighting
 - Level 10.5 Throwing
 + Level 10.4 Dodging
 - Level 15.7 Unarmed Combat
 - Level 4.6 Spellcasting
 - Level 5.1 Charms
 + Level 1.2 Transmutations
 - Level 5.1 Air Magic
 + Level 1.6 Earth Magic


You had 11 spell levels left.
You knew the following spells:

 Your Spells              Type           Power        Failure   Level  Hunger
a - Statue Form           Trmt/Erth      #........    100%        6    #######
b - Summon Butterflies    Summ           #.......     17%         1    None
d - Swiftness             Chrm/Air       ###.....     3%          2    ##.....
r - Repel Missiles        Chrm/Air       ###...       3%          2    ##.....
v - Apportation           Tloc           #.........   17%         1    None


Dungeon Overview and Level Annotations

Branches:
Dungeon (15/15)            Temple (0/1) D:4            Lair (8/8) D:9
  Swamp (0/4) Lair:5        Snake (1/4) Lair:4        Slime (0/6) Lair:7
    Orc (2/2) D:10            Elf (0/3) Orc:2        Vaults (0/5) D:14
 Depths (0/5) D:15

Altars:
Ashenzari
Cheibriados
Elyvilon
Fedhas
Gozag
Kikubaaqudgha
Nemelex Xobeh
Pakellas
Qazlal
Ru
Trog
Vehumet
Xom
Yredelemnul
Zin
Beogh

Shops:
D:8 (*   Orc:2 ([?!:


Innate Abilities, Weirdness & Mutations

You are too large for most types of armour.
You have claws for hands.
Your metabolism is lightning-fast.
You like to eat raw meat.
You heal very quickly.
You are covered in thick fur (AC +2).
You have very tough skin (AC +2).
You have very sharp teeth.
You have claws for feet.
You are partially covered in large bone plates (AC +2, SH +2).
You are partially covered in slimy green scales (AC +2).
You are partially covered in yellow scales (AC +2).
You can translocate small distances at will.
Scrolls take you a little longer to read.
You possess an exceptional clarity of mind.
Your mind is very acute. (Int +4)
Your body sometimes deteriorates upon taking damage.
Your flesh is almost immune to the effects of heat.
You are resistant to hostile enchantments.
You occasionally shout uncontrollably at your foes.
You evolve.
Your movements are less encumbered by armour (ER -4).


Message History

The naga mage misses you. The naga mage grabs you.
* * * LOW HITPOINT WARNING * * *
The naga mage constricts you.
The black mamba bites you but does no damage.
You take 15 damage.
Read which item? (? for menu, Esc to quit)
Really read with blurry vision while enemies are nearby?
The naga mage hits you with an enchanted spear.
* * * LOW HITPOINT WARNING * * *
x2 The naga mage constricts you.
The black mamba bites you but does no damage.
You begin reading the scroll.
You continue reading the scroll.
The shock serpent completely misses you.
The black mamba bites you!
* * * LOW HITPOINT WARNING * * *
The naga mage barely misses you.
* * * LOW HITPOINT WARNING * * *
The naga mage constricts you. The shock serpent bites you!
You die...
Xom thinks this is hilarious!

........##......
............##......
##......#....##......
?###...#..#.#....#\.....
................#.......
...#..........."......#.
................##...#..
......N.S...............
.......@S†.(...#.......#
........#.(./.#.......##
..#.....#[#..##......##.
##.......#........)...
#........#............
...##..........#.......
..###..........##.......
..#............#.)......
......................


You could see a shock serpent, a black mamba and a naga mage.

Vanquished Creatures
  Maud (Lair:5)
  2 stone giants
  A black draconian (D:11)
  Azrael (D:12)
  Snorg (Lair:6)
  A deep elf high priest (D:14)
  Erolcha (Orc:2)
  4 hydras
  6 centaur warriors
  A death knight (D:10)
  A queen ant (D:13)
  4 death yaks (Lair:7)
  An anaconda (Snake:1)
  2 ogre magi (D:15)
  A shock serpent (Snake:1)
  A tengu warrior (D:14)
  Nergalle (Orc:2)
  A salamander mystic (Snake:1)
  3 unseen horrors
  A faun (Lair:6)
  A flayed ghost (D:14)
  3 hill giants
  A wolf spider zombie (D:15)
  Pikel (D:4)
  2 necromancers (D:14)
  An orc knight (D:15)
  4 deep elf magi
  11 orc sorcerers
  5 ugly things
  6 cyclopes
  A manticore (D:15)
  11 elephants
  3 salamanders (Snake:1)
  8 black mambas
  3 centaur zombies
  Maurice (Orc:2)
  A gargoyle (D:10)
  3 naga magi
  An ice statue (D:14)
  A kobold demonologist (D:15)
  17 spiny frogs
  6 komodo dragons
  4 rime drakes
  A yaktaur (shapeshifter) (D:15)
  10 trolls
  6 giant leeches (Lair:8)
  A polar bear (Lair:1)
  The ghost of Chiseanne the Skirmisher, an amateur CeAE (D:5)
  23 blink frogs
  5 two-headed ogres
  4 slime creatures (D:15)
  Sigmund (D:6)
  3 wyverns
  45 yaks
  A fire bat (D:9)
  Eustachio (D:5)
  2 fire elementals (D:12)
  4 basilisks
  2 vampires
  7 hippogriffs
  8 vampire mosquitoes
  A hungry ghost (D:7)
  A mottled dragon (D:15)
  7 soldier ants
  14 water moccasins
  2 hell hounds (D:12)
  6 nagas
  Duvessa (D:7)
  14 porcupines
  4 ice beasts
  Purgy (Sewer)
  2 black bears
  5 necrophages (Lair:6)
  2 sky beasts
  20 orc warriors
  4 phantoms
  6 wolves
  24 ogres
  An eye of draining (shapeshifter) (D:13)
  18 centaurs
  10 crocodiles
  6 big kobolds
  A gnoll sergeant (D:10)
  34 giant frogs
  A wyvern zombie (D:8)
  2 wyvern skeletons
  Dowan (D:7)
  3 scorpions
  23 killer bees
  3 howler monkeys
  5 electric eels
  3 giant frog zombies
  9 crimson imps
  3 quasits
  15 jellies
  17 orc priests
  3 giant frog skeletons
  8 hounds
  Crazy Yiuf (D:3)
  4 centaur skeletons
  36 orc wizards
  Jessica (D:3)
  7 iguanas
  31 worker ants
  7 sheep
  A hound zombie (D:11)
  A worker ant zombie (D:7)
  2 gnolls (D:10)
  8 adders
  59 river rats
  A shadow imp (D:15)
  A giant eyeball (D:13)
  4 oozes
  An adder skeleton (D:4)
  2 worms (D:2)
  4 dart slugs
  3 giant geckos
  95 orcs
  9 bats
  8 giant cockroaches
  5 goblins
  6 hobgoblins
  4 jackals
  6 quokkas
  A ball python (D:5)
  A ball python skeleton (D:4)
  A giant gecko skeleton (D:4)
  8 giant newts
  19 kobolds
  7 rats
  2 fungi
  2 plants
883 creatures vanquished.

Vanquished Creatures (collateral kills)
  A hydra (Lair:7)
  An oklob plant (Lair:8)
  A griffon (Lair:8)
  2 elephants
  A spiny frog (Lair:8)
  2 blink frogs (Lair:8)
  2 yaks
  A vampire mosquito (D:12)
  2 hippogriffs
  A naga (Lair:4)
  An ogre (D:15)
  2 centaurs (D:15)
  2 giant frogs (Lair:8)
  2 jellies (Lair:7)
  An orc wizard (D:4)
  A gnoll (D:10)
  A river rat (Lair:7)
  An orc (D:4)
  A quokka (D:5)
  A fungus (Lair:2)
27 creatures vanquished.

Vanquished Creatures (others)
  A dancing weapon (D:15)
  An orc sorcerer (D:15)
  A blink frog (Lair:8)
  A yak (D:14)
  A water moccasin (Lair:8)
  A centaur (D:11)
  A wolf (Lair:8)
  2 orc wizards (Orc:2)
  2 sheep (D:11)
  A bush (Lair:8)
  42 fungi
  18 plants
72 creatures vanquished.

Grand Total: 982 creatures vanquished

Notes
Turn   | Place    | Note
--------------------------------------------------------------
     0 | D:1      | xeno23 the Troll Chaos Knight began the quest for the Orb.
     0 | D:1      | Reached XP level 1. HP: 22/22 MP: 0/0
     8 | D:1      | XOM: divination: magic mapping
    39 | D:1      | XOM: divination: detect items
   153 | D:1      | XOM: divination: detect creatures
   214 | D:1      | Reached XP level 2. HP: 29/29 MP: 1/1
   402 | D:1      | XOM: 10-stop teleportation journey
   643 | D:2      | Found a shimmering altar of Xom.
   706 | D:2      | Reached XP level 3. HP: 36/36 MP: 2/2
   746 | D:2      | Found an opulent altar of Gozag.
   994 | D:2      | Found a stormy altar of Qazlal.
   994 | D:2      | Noticed a fire elemental
   995 | D:2      | Noticed an air elemental
   995 | D:2      | Noticed an earth elemental
   995 | D:2      | Noticed a water elemental
  1137 | D:2      | XOM is BORED!
  1137 | D:2      | XOM: noise
  1176 | D:2      | XOM: colour smoke trail
  1184 | D:2      | XOM: silly message
  1213 | D:2      | XOM: harmless Necr miscast
  1267 | D:2      | XOM: god gift: leather armour {god gift}
  1367 | D:3      | XOM: colour smoke trail
  1414 | D:3      | Found a radiant altar of Vehumet.
  1476 | D:3      | Reached skill level 4 in Unarmed Combat
  1476 | D:3      | Reached XP level 4. HP: 42/44 MP: 3/3
  1541 | D:3      | XOM: noise
  1545 | D:3      | Reached skill level 1 in Throwing
  1566 | D:3      | XOM: severe Chrm miscast
  1640 | D:3      | XOM: harmless Conj miscast
  1748 | D:3      | XOM: harmless Necr miscast
  1863 | D:3      | Noticed Crazy Yiuf
  1894 | D:3      | XOM: silly message
  1903 | D:3      | Killed Crazy Yiuf
  1903 | D:3      | Reached XP level 5. HP: 15/53 MP: 1/4
  1950 | D:3      | XOM is BORED!
  1950 | D:3      | XOM: give mutations
  1950 | D:3      | Gained mutation: You are clumsy. (Dex -2) [Xom's mischief]
  1950 | D:3      | Gained mutation: You are dopey. (Int -2) [Xom's mischief]
  2012 | D:3      | Noticed Jessica
  2026 | D:3      | Killed Jessica
  2067 | D:3      | Found a shimmering altar of Xom.
  2197 | D:4      | Reached skill level 5 in Unarmed Combat
  2204 | D:4      | XOM: harmless Tloc miscast
  2301 | D:4      | XOM: swap monsters
  2304 | D:4      | Reached XP level 6. HP: 40/61 MP: 5/5
  2330 | D:4      | Found a staircase to the Ecumenical Temple.
  2362 | D:4      | XOM: cast spell 'Ice Form'
  2374 | D:4      | Noticed Pikel
  2375 | D:4      | Noticed a slave
  2375 | D:4      | Noticed a slave
  2375 | D:4      | Noticed a slave
  2404 | D:4      | Noticed a slave
  2407 | D:4      | Killed Pikel
  2407 | D:4      | Reached skill level 6 in Unarmed Combat
  2407 | D:4      | Reached XP level 7. HP: 70/70 MP: 4/6
  2635 | D:4      | Found a blossoming altar of Fedhas.
  2772 | D:5      | Entered Level 5 of the Dungeon
  2772 | D:5      | Noticed Chiseanne's ghost (amateur CeAE)
  2772 | D:5      | XOM: summons friendly white imp
  2779 | D:5      | Killed Chiseanne's ghost
  2779 | D:5      | Reached XP level 8. HP: 69/79 MP: 5/7
  2794 | D:5      | Reached skill level 7 in Unarmed Combat
  2927 | D:5      | XOM: snakes to sticks
  2987 | D:5      | Found a glowing drain.
  3009 | Sewer    | Entered a sewer
  3052 | Sewer    | Noticed Purgy
  3054 | Sewer    | XOM: summons 2 friendly demons
  3066 | Sewer    | Killed Purgy
  3368 | D:5      | XOM: potion effect (experience)
  3368 | D:5      | Reached skill level 13 in Unarmed Combat
  3368 | D:5      | Reached XP level 9. HP: 85/85 MP: 8/8
  3505 | D:5      | Noticed Eustachio
  3512 | D:5      | Killed Eustachio
  3661 | D:6      | Lost mutation: You are clumsy. (Dex -2) [potion of cure mutation]
  3661 | D:6      | Lost mutation: You are dopey. (Int -2) [potion of cure mutation]
  3662 | D:6      | Gained mutation: You are robust (+10% HP). [potion of mutation]
  3662 | D:6      | Gained mutation: You are agile. (Dex +2) [potion of mutation]
  3771 | D:6      | Found a sacrificial altar of Ru.
  3799 | D:6      | You fall through a shaft for 3 floors!
  3800 | D:9      | XOM: summons friendly crimson imp
  3811 | D:9      | XOM: polymorph ice beast -> wyvern
  3823 | D:9      | Reached skill level 5 in Fighting
  3928 | D:8      | Found Soke's Weapon Boutique.
  3976 | D:8      | Found a glowing silver altar of Zin.
  4082 | D:8      | Reached XP level 10. HP: 99/105 MP: 9/9
  4269 | D:8      | XOM: harmless Divn miscast
  4617 | D:8      | Found a basalt altar of Yredelemnul.
  4729 | D:8      | Found Puynut's Assorted Antiques.
  4758 | D:8      | Bought a scroll of identify for 60 gold pieces
  4766 | D:8      | XOM: severe Divn miscast
  4798 | D:8      | XOM: medium Air miscast
  4880 | D:8      | XOM: mild Erth miscast
  5020 | D:7      | XOM: summons 3 hostile shadow creatures
  5204 | D:7      | XOM: potion effect (curing)
  5413 | D:7      | XOM: blink monster(s)
  5431 | D:7      | Noticed Dowan
  5433 | D:7      | Noticed Duvessa
  5449 | D:7      | Killed Dowan
  5516 | D:7      | XOM: blink monster(s)
  5521 | D:7      | XOM: harmless Conj miscast
  5523 | D:7      | XOM: smoke on damage
  5524 | D:7      | XOM: noise
  5528 | D:7      | Killed Duvessa
  5746 | D:7      | Found a sparkling altar of Nemelex Xobeh.
  5755 | D:7      | Found an oddly glowing altar of Pakellas.
  5765 | D:7      | XOM: give mutations
  5765 | D:7      | Lost mutation: You are robust (+10% HP). [Xom's mischief]
  5765 | D:7      | Gained mutation: You are partially covered in yellow scales (AC +2). [Xom's mischief]
  5765 | D:7      | Gained mutation: You have sharp toenails. [Xom's mischief]
  5945 | D:6      | XOM: give mutations
  5945 | D:6      | Gained mutation: You have a pair of small horns on your head. [Xom's mischief]
  5945 | D:6      | Gained mutation: Armour fits poorly on your strangely shaped body. [Xom's mischief]
  5945 | D:6      | Lost mutation: Armour fits poorly on your strangely shaped body. [Xom's mischief]
  5960 | D:6      | Noticed Sigmund
  5967 | D:6      | Killed Sigmund
  6164 | D:6      | Found a snail-covered altar of Cheibriados.
  6927 | D:9      | Found a white marble altar of Elyvilon.
  6981 | D:9      | XOM: 2-stop teleportation journey
  6982 | D:9      | Noticed Grum
  6982 | D:9      | XOM: cast spell 'Cause Fear'
  6983 | D:9      | XOM: summons 5 hostile demons
  6994 | D:9      | XOM: repel stairs
  6996 | D:9      | Reached skill level 5 in Dodging
  6996 | D:9      | XOM: divination: detect creatures
  7006 | D:9      | Reached skill level 14 in Unarmed Combat
  7015 | D:9      | Reached skill level 5 in Throwing
  7023 | D:9      | Noticed Grum
  7023 | D:9      | Grum changed into Grum the fire bat
  7023 | D:9      | XOM: polymorph Grum -> Grum the fire bat
  7025 | D:9      | XOM: silly message
  7039 | D:9      | Killed Grum the fire bat
  7086 | D:9      | XOM: give mutations
  7086 | D:9      | Gained mutation: You are partially covered in slimy green scales (AC +2). [Xom's mischief]
  7086 | D:9      | Lost mutation: You are agile. (Dex +2) [Xom's mischief]
  7086 | D:9      | Gained mutation: You occasionally shout uncontrollably at your foes. [Xom's mischief]
  7086 | D:9      | Gained mutation: Scrolls take you a little longer to read. [Xom's mischief]
  7115 | D:9      | XOM: vitrification
  7117 | D:9      | XOM: confusion (+ monsters)
  7152 | D:9      | Found a bloodstained altar of Trog.
  7240 | D:9      | XOM: 2-stop teleportation journey
  7278 | D:9      | XOM: confusion (+ monsters)
  7346 | D:9      | Found a staircase to the Lair.
  7533 | D:9      | Found a shattered altar of Ashenzari.
  7632 | Lair:1   | Entered Level 1 of the Lair of Beasts
  7707 | Lair:1   | XOM: give mutation
  7707 | Lair:1   | Lost mutation: You have a pair of small horns on your head. [Xom's mischief]
  7793 | Lair:1   | Reached XP level 11. HP: 98/105 MP: 10/10
  7898 | Lair:1   | XOM: smoke on damage
  7924 | Lair:1   | XOM: noise
  8073 | Lair:1   | XOM: harmless Ice miscast
  8167 | Lair:1   | XOM: give mutations
  8167 | Lair:1   | Gained mutation: You are agile. (Dex +2) [Xom's grace]
  8167 | Lair:1   | Gained mutation: Your movements are slightly less encumbered by armour (ER -2). [Xom's grace]
  8380 | Lair:2   | XOM: summons 9 friendly demons
  8385 | Lair:2   | XOM: god gift: tapered gold wand {god gift}
  8455 | Lair:2   | XOM: 1-stop teleportation journey
  8458 | Lair:2   | Learned a level 1 spell: Apportation
  8460 | Lair:2   | Learned a level 1 spell: Summon Butterflies
  8521 | Lair:2   | XOM: god gift: 550 gold pieces
  8654 | Lair:2   | Lost mutation: You are agile. (Dex +2) [potion of mutation]
  8654 | Lair:2   | Gained mutation: You are partially covered in large bone plates (AC +2, SH +2). [potion of mutation]
  8654 | Lair:2   | Gained mutation: Your body sometimes deteriorates upon taking damage. [potion of mutation]
  9015 | Lair:2   | XOM: summons 8 friendly demons
  9088 | Lair:3   | XOM: harmless Ice miscast
  9153 | Lair:3   | XOM: summons 7 friendly demons
  9587 | Lair:3   | XOM: cast spell 'Ice Form'
  9590 | Lair:3   | XOM: scenery: 1 doors open
  9660 | Lair:3   | Gained mutation: You are resistant to hostile enchantments. [potion of beneficial mutation]
  9982 | Lair:3   | Learned a level 2 spell: Repel Missiles
  9985 | Lair:3   | Learned a level 2 spell: Swiftness
 10203 | Lair:4   | XOM: enchant monster (good)
 10215 | Lair:4   | Reached skill level 1 in Spellcasting
 10215 | Lair:4   | Reached skill level 1 in Charms
 10226 | Lair:4   | Reached skill level 1 in Air Magic
 10304 | Lair:4   | XOM: summons friendly quasit
 10360 | Lair:4   | XOM: vitrification
 10453 | Lair:4   | XOM: cast spell 'Chain of Chaos'
 10456 | Lair:4   | XOM: summons friendly shadow imp
 10481 | Lair:4   | XOM: summons friendly white imp
 10511 | Lair:4   | Found a staircase to the Snake Pit.
 10558 | Lair:4   | Reached XP level 12. HP: 49/115 MP: 14/14
 10706 | Lair:4   | XOM: enchant monster (good)
 10792 | Lair:4   | XOM: mild Necr miscast
 11083 | Lair:4   | XOM: potion effect (berserk rage)
 11089 | Lair:4   | XOM: noise
 11199 | Lair:5   | Noticed Maud
 11202 | Lair:5   | XOM: potion effect (agility)
 11335 | Lair:5   | Found a staircase to the Swamp.
 11380 | Lair:5   | XOM: 4-stop teleportation journey
 11539 | Lair:6   | XOM: potion effect (curing)
 11553 | Lair:6   | Noticed Snorg
 11558 | Lair:6   | XOM: summons friendly crimson imp
 11565 | Lair:6   | XOM: summons 2 friendly demons
 11569 | Lair:6   | Killed Snorg
 11570 | Lair:6   | XOM: confuse monster(s)
 11610 | Lair:6   | XOM: enchant monster (good)
 11660 | Lair:6   | Noticed Nessos
 11666 | Lair:6   | Noticed Nessos
 11666 | Lair:6   | Nessos changed into Nessos the faun
 11672 | Lair:6   | XOM: swap monsters
 11680 | Lair:6   | Killed Nessos the faun
 11764 | Lair:6   | XOM: confuse monster(s)
 11870 | Lair:6   | XOM: cast spell 'Ice Form'
 12036 | Lair:6   | XOM: potion effect (berserk rage)
 12131 | Lair:6   | XOM: give mutations
 12131 | Lair:6   | Gained mutation: You have razor-sharp toenails. [Xom's grace]
 12131 | Lair:6   | Gained mutation: Your flesh is cold resistant. [Xom's grace]
 12131 | Lair:6   | Gained mutation: You are robust (+10% HP). [Xom's grace]
 12131 | Lair:6   | Gained mutation: Your flesh is heat resistant. [Xom's grace]
 12272 | Lair:6   | XOM: cast spell 'Leda's Liquefaction'
 12450 | Lair:7   | Noticed an eight-headed hydra
 12454 | Lair:7   | XOM: summons friendly iron imp
 12501 | Lair:6   | XOM: potion effect (haste)
 12525 | Lair:6   | Reached XP level 13. HP: 91/135 MP: 13/18
 12543 | Lair:7   | XOM: summons 5 friendly demons
 12555 | Lair:7   | HP: 4/135 [giant frog (7)]
 12575 | Lair:7   | XOM: cast spell 'Hydra Form'
 12712 | Lair:6   | XOM: harmless Trmt miscast
 12803 | Lair:6   | XOM: colour smoke trail
 12814 | Lair:7   | XOM: destruction
 12841 | Lair:7   | XOM: cast spell 'Cause Fear'
 12853 | Lair:7   | XOM: give mutation
 12853 | Lair:7   | Lost mutation: You occasionally shout uncontrollably at your foes. [Xom's mischief]
 12858 | Lair:7   | XOM: summons 2 hostile shadow creatures
 12860 | Lair:7   | XOM: snakes to sticks
 12877 | Lair:7   | XOM: swap monsters
 12887 | Lair:8   | Entered Level 8 of the Lair of Beasts
 12887 | Lair:8   | Found a shimmering altar of Xom.
 12887 | Lair:8   | XOM: snakes to sticks
 12893 | Lair:8   | XOM: swap monsters
 12895 | Lair:8   | XOM: 1-stop teleportation journey
 12929 | Lair:8   | XOM: medium Trmt miscast
 12935 | Lair:8   | XOM: mild Chrm miscast
 12940 | Lair:8   | XOM: destruction
 12940 | Lair:8   | Gained mutation: You occasionally shout uncontrollably at your foes. [mutagenic glow]
 12992 | Lair:8   | Lost mutation: You are robust (+10% HP). [mutagenic glow]
 13029 | Lair:8   | XOM: confusion
 13031 | Lair:8   | XOM: summons friendly ufetubus
 13034 | Lair:8   | XOM: summons friendly iron imp
 13035 | Lair:8   | XOM: enchant monster (good)
 13042 | Lair:8   | XOM: potion effect (berserk rage)
 13047 | Lair:8   | Reached skill level 5 in Air Magic
 13105 | Lair:8   | Reached skill level 5 in Charms
 13389 | Lair:8   | XOM: noise
 13398 | Lair:8   | XOM: cast spell 'Summon Mana Viper'
 13468 | Lair:8   | XOM: divination: magic mapping
 13518 | Lair:8   | XOM: cast spell 'Monstrous Menagerie'
 13572 | Lair:8   | XOM: 1-stop teleportation journey
 13581 | Lair:8   | XOM: noise
 13609 | Lair:8   | XOM: divine lightning (protected)
 13622 | Lair:8   | XOM: destruction
 13648 | Lair:8   | XOM: mild Fire miscast
 13670 | Lair:8   | XOM: blink monster(s)
 13707 | Lair:8   | XOM: enchant monster (bad)
 13729 | Lair:8   | XOM: mild Trmt miscast
 13894 | Lair:8   | XOM: silly message
 13994 | Lair:8   | XOM: colour smoke trail
 14226 | Lair:8   | XOM: enchant monster (bad)
 14241 | Lair:8   | XOM: enchant monster (good)
 14277 | Lair:8   | XOM: summons friendly ice devil
 14301 | Lair:8   | XOM: destruction
 14314 | Lair:7   | XOM: summons 7 friendly demons
 14501 | Lair:7   | XOM: destruction
 14539 | Lair:7   | XOM: god gift: fan of gales
 14582 | Lair:7   | XOM: silly message
 14620 | Lair:7   | XOM: mild Conj miscast
 14732 | Lair:7   | XOM: 1-stop teleportation journey
 14821 | Lair:7   | Found a staircase to the Slime Pits.
 14835 | Lair:7   | XOM: 8-stop teleportation journey
 15017 | Lair:7   | XOM: mild Trmt miscast
 15061 | Lair:7   | XOM: enchant monster (bad)
 15073 | Lair:7   | XOM: repel stairs
 15194 | Lair:7   | XOM: colour smoke trail
 15220 | Lair:7   | XOM: silly message
 15448 | Lair:5   | XOM: enchant monster (good)
 15552 | Lair:5   | XOM: confuse monster(s)
 15554 | Lair:5   | XOM: summons friendly iron imp
 15567 | Lair:5   | XOM: confuse monster(s)
 15582 | Lair:5   | Reached XP level 14. HP: 100/136 MP: 16/19
 15598 | Lair:5   | XOM: cast spell 'Hydra Form'
 15602 | Lair:5   | Killed Maud
 15980 | Lair:1   | XOM: silly message
 16028 | D:10     | Entered Level 10 of the Dungeon
 16041 | D:10     | XOM: summons 6 friendly demons
 16066 | D:10     | XOM: cast spell 'Cause Fear'
 16185 | D:10     | XOM: colour smoke trail
 16314 | D:10     | XOM: potion effect (heal wounds)
 16514 | D:10     | XOM: summons friendly crimson imp
 16906 | D:10     | Found a staircase to the Orcish Mines.
 16938 | Orc:1    | Entered Level 1 of the Orcish Mines
 17140 | Orc:1    | XOM: harmless Hex miscast
 17314 | Orc:2    | Entered Level 2 of the Orcish Mines
 17417 | Orc:2    | XOM is BORED!
 17417 | Orc:2    | XOM: noise
 17426 | Orc:2    | Noticed a stone giant
 17426 | Orc:2    | XOM: divination: magic mapping
 17428 | Orc:2    | Noticed Maurice
 17461 | Orc:2    | XOM: divination: magic mapping
 17464 | Orc:2    | Killed a stone giant
 17477 | Orc:2    | XOM: silly message
 17629 | Orc:2    | XOM: cast spell 'Olgreb's Toxic Radiance'
 17640 | Orc:2    | Killed Maurice
 17678 | Orc:2    | Found Guifal's Antique Weapon Emporium.
 17749 | Orc:2    | XOM: divination: detect creatures
 17770 | Orc:2    | Found Zeemen's Magic Scroll Emporium.
 17822 | Orc:2    | Bought a scroll of fear for 45 gold pieces
 17822 | Orc:2    | Bought a scroll of blinking for 97 gold pieces
 17822 | Orc:2    | Bought a scroll of acquirement for 676 gold pieces
 17822 | Orc:2    | Bought a scroll of identify for 26 gold pieces
 17822 | Orc:2    | Bought a scroll of identify for 26 gold pieces
 17822 | Orc:2    | Bought a scroll of magic mapping for 45 gold pieces
 17822 | Orc:2    | Bought 2 scrolls of identify for 52 gold pieces
 17873 | Orc:2    | Found an ancient bone altar of Kikubaaqudgha.
 17874 | Orc:2    | Noticed Nergalle
 17912 | Orc:2    | XOM: smoke on damage
 17919 | Orc:2    | XOM: cast spell 'Call Canine Familiar'
 17920 | Orc:2    | XOM: harmless Erth miscast
 17921 | Orc:2    | Killed Nergalle
 17953 | Orc:2    | Found Caocytog's Distillery.
 17969 | Orc:2    | Noticed Erolcha
 17972 | Orc:2    | Found a radiant altar of Vehumet.
 17982 | Orc:2    | Killed Erolcha
 17984 | Orc:2    | XOM: summons 2 friendly demons
 18026 | Orc:2    | Bought a potion of curing for 33 gold pieces
 18026 | Orc:2    | Bought a potion of haste for 110 gold pieces
 18026 | Orc:2    | Bought 2 potions of haste for 220 gold pieces
 18026 | Orc:2    | Bought a potion of curing for 33 gold pieces
 18026 | Orc:2    | Bought a potion of haste for 110 gold pieces
 18026 | Orc:2    | Bought a potion of curing for 33 gold pieces
 18026 | Orc:2    | Bought a potion of ambrosia for 88 gold pieces
 18026 | Orc:2    | Bought a potion of flight for 33 gold pieces
 18051 | Orc:2    | Found Poze's Antique Armour Shoppe.
 18058 | Orc:2    | Bought a heavily jewelled robe for 188 gold pieces
 18068 | Orc:2    | Identified the +2 robe of Suirghayg {MR++} (You bought it in a shop on level 2 of the Orcish Mines)
 18186 | Orc:2    | Found a staircase to the Elven Halls.
 18215 | Orc:2    | XOM: harmless Air miscast
 18342 | Orc:2    | Found a roughly hewn altar of Beogh.
 18365 | Orc:2    | Found Seopn's Book Shoppe.
 18484 | Orc:1    | Noticed a stone giant
 18503 | Orc:1    | Killed a stone giant
 18714 | D:11     | XOM: harmless Trmt miscast
 18744 | D:11     | XOM: blink monster(s)
 18747 | D:10     | XOM: give mutations
 18747 | D:10     | Gained mutation: Your mind is acute. (Int +2) [Xom's grace]
 18747 | D:10     | Gained mutation: You have a beak for a mouth. [Xom's grace]
 18747 | D:10     | Gained mutation: Your flesh is very heat resistant. [Xom's grace]
 18747 | D:10     | Gained mutation: Your flesh is almost immune to the effects of heat. [Xom's grace]
 19034 | D:11     | XOM: 1-stop teleportation journey
 19090 | D:11     | XOM: fake destruction
 19100 | D:11     | XOM: polymorph six-headed hydra -> black draconian
 19103 | D:11     | XOM: confuse monster(s)
 19590 | D:11     | Found a basalt altar of Yredelemnul.
 19667 | D:12     | XOM: give mutations
 19667 | D:12     | Gained mutation: You evolve. [Xom's grace]
 19667 | D:12     | Gained mutation: You can translocate small distances at will. [Xom's grace]
 19667 | D:12     | Gained mutation: You are covered in thick fur (AC +2). [Xom's grace]
 19667 | D:12     | Gained mutation: You possess an exceptional clarity of mind. [Xom's grace]
 19680 | D:12     | XOM: 4-stop teleportation journey
 19864 | D:12     | XOM: summons 5 friendly demons
 19967 | D:12     | Noticed Azrael
 19982 | D:12     | XOM: summons 4 friendly demons
 19988 | D:12     | XOM: polymorph shadow imp -> white imp
 19993 | D:12     | XOM: repel stairs
 20000 | D:12     | Killed Azrael
 20399 | D:12     | XOM: medium Trmt miscast
 20413 | D:12     | XOM: silly message
 20579 | D:13     | Reached skill level 10 in Fighting
 20586 | D:13     | XOM: noise
 20595 | D:13     | XOM: polymorph worker ant -> giant eyeball
 20604 | D:13     | Paralysed by a giant eyeball for 2 turns
 20632 | D:13     | XOM: swap monsters
 20763 | D:13     | Reached XP level 15. HP: 132/149 MP: 17/20
 20845 | D:13     | Lost mutation: Your flesh is cold resistant. [evolution]
 21045 | D:13     | XOM: vitrification
 21289 | D:13     | XOM: god gift: 420 gold pieces
 21306 | D:14     | Found a gateway to a bazaar.
 21324 | Bazaar   | Entered a bazaar
 21324 | Bazaar   | Found Buykicw's Food Shoppe.
 21324 | Bazaar   | Found Qiecot's Assorted Antiques.
 21328 | Bazaar   | Found Yteatsie's Food Shoppe.
 21342 | Bazaar   | Found Jaumioz's Armour Emporium.
 21346 | Bazaar   | Bought a scroll of fear for 77 gold pieces
 21346 | Bazaar   | Bought a potion of curing for 66 gold pieces
 21350 | Bazaar   | Bought a +2 cloak of invisibility for 236 gold pieces
 21391 | D:14     | Reached skill level 10 in Throwing
 21403 | D:14     | XOM: give mutations
 21403 | D:14     | Gained mutation: You have claws for feet. [Xom's grace]
 21403 | D:14     | Gained mutation: Your movements are less encumbered by armour (ER -4). [Xom's grace]
 21403 | D:14     | Lost mutation: You have a beak for a mouth. [Xom's grace]
 21403 | D:14     | Gained mutation: You have very sharp teeth. [Xom's grace]
 21445 | D:14     | XOM: fake destruction
 21483 | D:14     | XOM: cast spell 'Ring of Flames'
 21489 | D:14     | XOM: enchant monster (good)
 21503 | D:14     | XOM: summons friendly ufetubus
 21507 | D:14     | XOM: enchant monster (good)
 21509 | D:14     | XOM: enchant monster (good)
 21590 | D:14     | XOM: mild Conj miscast
 21655 | D:14     | Found a gate to the Vaults.
 21783 | D:14     | Reached skill level 10 in Dodging
 21881 | D:14     | XOM: colour smoke trail
 21972 | D:14     | XOM: god gift: 40 gold pieces
 22062 | D:14     | XOM: vitrification
 22167 | D:14     | XOM: 1-stop teleportation journey
 22213 | D:14     | XOM: enchant monster (good)
 22502 | D:15     | Entered Level 15 of the Dungeon
 22609 | D:15     | Gained mutation: Your mind is very acute. (Int +4) [evolution]
 22696 | D:15     | XOM: summons friendly quasit
 22878 | D:15     | XOM: polymorph centaur warrior -> elephant
 22999 | D:15     | Reached skill level 15 in Unarmed Combat
 23028 | D:15     | XOM: polymorph centaur -> ooze
 23118 | D:15     | XOM: god gift: 2310 gold pieces
 23128 | D:15     | XOM: enchant monster (good)
 23163 | D:15     | XOM: divination: magic mapping
 23227 | D:15     | XOM: noise
 23451 | D:15     | XOM: divine lightning (protected)
 23506 | D:15     | XOM: vitrification
 23514 | D:15     | Found a staircase to the Depths.
 23586 | D:15     | XOM: summons 3 friendly demons
 23590 | D:15     | XOM: smoke on damage
 23783 | D:15     | XOM: mild Divn miscast
 24011 | D:13     | XOM: vitrification
 24214 | Orc:2    | Bought a manual of Dodging for 1876 gold pieces
 24214 | Orc:2    | Bought a book of Transfigurations for 935 gold pieces
 24222 | Orc:2    | Learned a level 6 spell: Statue Form
 24277 | Orc:2    | XOM: god gift: arbalest {god gift}
 24500 | Snake:1  | Entered Level 1 of the Snake Pit
 24507 | Snake:1  | XOM: mild Ice miscast
 24523 | Snake:1  | Reached skill level 1 in Earth Magic
 24566 | Snake:1  | XOM: god gift: long runed rod {god gift}
 24605 | Snake:1  | Reached skill level 1 in Transmutations
 24618 | Snake:1  | XOM: enchant monster (bad)
 24624 | Snake:1  | Slain by a shock serpent

Vault maps used:
D:1:      evilmike_arrival_hilbert_curve, columned_hall_lemuel
D:2:      nicolae_qazlal_style_of_elements, nicolae_overflow_hidden_temple,
          grunt_gozag_statues
D:3:      lemuel_coloured_pillars_altar, first_bread, tgw_xom, uniq_jessica,
          uniq_crazy_yiuf_cottage
D:4:      fedhas_altar_3, minmay_temple_entry_large_hall, uniq_pikel
D:5:      portal_sewer_entry_e, minivault_14, uniq_eustachio
D:6:      nicolae_overflow_crystal_walls, lemuel_crystal_altar, uniq_sigmund
D:7:      amethyst_overflow_temple_binary, uniq_duvessa
D:8:      kennysheep_mini_moat, old_standard_altar, serial_shops,
          kennysheep_little_box, shop
D:9:      bloody_trog, ashenzari_altar_1, lemuel_doored_altar, lair_0_dummy,
          uniq_grum
D:10:     erik_orc_2
D:11:     basic_altar, hangedman_ranch
D:12:     uniq_azrael
D:13:     zaba_antful_of_joy
D:14:     david_vaults_1, dk_noncrumbling_2, serial_shops, statue_bzr,
          hangedman_corner_corridor
D:15:     grunt_enter_depths_magical_seal, st_stairs_1
Lair:1:   eino_small_chamber_without_monster
Lair:2:   eino_small_chamber_without_monster, bh_autumn_forest_stairs,
          grunt_megastairs_3, lemuel_fruit_tree
Lair:3:   serial_bayou_pond_a, lemuel_old_faithful, lemuel_fruit_fields
Lair:4:   minmay_snake_entry_guardpost_medium
Lair:5:   minmay_swamp_entry_worms, infiniplex_staircase_pool, uniq_maud
Lair:6:   roderic_carrion_pond, uniq_snorg, uniq_nessos
Lair:7:   minmay_slime_entry_jelly_boxes, fungi_pond_lemuel,
          lemuel_fruit_fields, infiniplex_staircase_pool_2
Lair:8:   minmay_lair_end_frog_pond, basic_altar, grunt_forest_large_clearings
Snake:1:  portal_ice_cave_entry_imps, st_stairs_11, grunt_ministairs_8,
          statue_in_the_mist_lemuel, uniq_rupert
Orc:2:    kennysheep_orc_mage_school, serial_shops, shop_statue, uniq_maurice
Bazaar:   bazaar_minmay_row
Sewer:    sewer_big_baddie

Skill      XL: |  1  2  3  4  5  6  7  8  9 10 11 12 13 14 15 |
---------------+----------------------------------------------+-----
Dodging        | 2 3 4 5 6 7 9 10 | 10.4
Unarmed Combat | 4 5 6 13 14 15 | 15.7
Fighting       | 3 4 5 6 8 10 11 | 11.1
Throwing       | 1 3 4 5 6 7 9 10 | 10.5
Spellcasting   | 2 4 |  4.6
Charms         | 2 4 5 |  5.1
Air Magic      | 2 4 5 |  5.1
Earth Magic    | 1 |  1.6
Transmutations | 1 |  1.2

Action                   |  1- 3 |  4- 6 |  7- 9 | 10-12 | 13-15 || total
-------------------------+-------+-------+-------+-------+-------++-------
Melee: Unarmed           |    83 |   155 |   240 |   870 |  1684 ||  3032
       Giant spiked club |       |       |       |       |     3 ||     3
       Scimitar          |       |       |       |       |     5 ||     5
Throw: Large rock        |       |     4 |       |    12 |    34 ||    50
 Cast: Repel Missiles    |       |       |       |     1 |     8 ||     9
Evoke: Wand              |       |       |       |     4 |     7 ||    11
       Phial of floods   |       |       |       |       |     1 ||     1
       Lamp of fire      |       |       |       |       |     1 ||     1
  Use: Scroll            |       |       |    15 |    11 |    21 ||    47
       Potion            |       |       |     2 |     3 |     1 ||     6
 Stab: Confused          |       |     1 |       |     3 |     3 ||     7
       Distracted        |       |       |     1 |     1 |     2 ||     4
       Paralysed         |       |       |       |     1 |     3 ||     4
       Betrayed ally     |       |       |       |     1 |       ||     1
       Sleeping          |       |       |       |       |     1 ||     1
  Eat: Chunk             |    19 |     8 |    15 |    80 |   114 ||   236
